 Dungeon Crawl Stone Soup version 0.29-a0-1006-g0dd7720b37 (webtiles) character file.

Game seed: 2859331129093381306

2877 xian the Skirmisher (level 10, -4/73 (77) HPs)
             Began as a Formicid Hunter on Aug 6, 2022.
             Was an Initiate of Fedhas.
             Slain by an orc warrior
             ... wielding a +1 mace of protection
              (10 damage)
             ... on level 7 of the Dungeon.
             The game lasted 00:24:09 (8059 turns).

xian the Skirmisher (Formicid Hunter)               Turns: 8059, Time: 00:24:09

HP:   -4/73 (77)    AC: 10    Str: 17    XL:     10   Next: 5%
MP:   10/10         EV: 13    Int:  8    God:    Fedhas [......]
Gold: 313           SH:  0    Dex: 21    Spells: 9/9 levels left

rFire   + . .      SeeInvis +   w - +3 scimitar (freeze)
rCold   . . .      Faith    .   (no shield)
rNeg    . . .      Spirit   .   r - +2 ring mail {rF+}
rPois   .          Reflect  .   (helmet unavailable)
rElec   .          Harm     .   p - +1 cloak
rCorr   .          Rampage  .   u - +0 pair of gloves
Will    +....                   (no boots)
Stlth   ++........              (no amulet)
HPRegen 0.22/turn               f - ring of flight
MPRegen 0.12/turn               (no ring)

@: flying, drained
A: permanent stasis, dig shafts and tunnels, antennae 3, four strong arms
a: Dig, Shaft Self, Renounce Religion


You were on level 7 of the Dungeon.
You worshipped Fedhas.
Fedhas was noncommittal.
You visited 2 branches of the dungeon, and saw 8 of its levels.
You also visited: Ossuary.

You collected 313 gold pieces.

Inventory:

Hand Weapons
 a - a +0 shortbow
 w - a +3 scimitar of freezing (weapon)
Missiles
 c - 3 atropa-tipped darts
Armour
 p - a +1 cloak (worn)
 r - a +2 ring mail of fire resistance (worn)
 u - a +0 pair of gloves (worn)
Jewellery
 f - a ring of flight (left hand)
Wands
 d - a wand of polymorph (17)
 e - a wand of mindburst (17)
Scrolls
 b - 2 scrolls of immolation
 h - 4 scrolls of enchant armour
 i - a scroll of butterflies
 l - a scroll of fear
Potions
 g - 3 potions of attraction {unknown}
 j - 6 potions of curing
 k - a potion of magic {unknown}
 m - 3 potions of heal wounds {unknown}
 o - a potion of flight {unknown}
 q - 2 potions of berserk rage {unknown}
 s - 4 potions of brilliance
 t - 2 potions of mutation {unknown}
 v - 2 potions of lignification {unknown}


   Skills:
 + Level 6.7 Fighting
 + Level 0.1 Long Blades
 + Level 4.4 Axes
 + Level 10.5 Ranged Weapons
 + Level 2.2 Armour
 + Level 3.6 Dodging
 + Level 3.1 Stealth


You had 9 spell levels left.
You didn't know any spells.
Your spell library contained the following spells:

 Spells                   Type           Power      Damage    Failure   Level
 Magic Dart               Conj           0%         1d3       61%         1
 Call Imp                 Summ           0%         N/A       75%         2
 Mephitic Cloud           Conj/Pois/Air  0%         N/A       93%         3
 Anguish                  Hex/Necr       0%         N/A       100%        4
 Enfeeble                 Hex            0%         N/A       100%        7


Dungeon Overview and Level Annotations

Branches:
Dungeon (7/15)             Temple (1/1) D:6         Ossuary (visited)

Altars:
Ashenzari
Dithmenos
Elyvilon
Fedhas
Gozag
Kikubaaqudgha
Makhleb
Nemelex Xobeh
Wu Jian
Yredelemnul
Zin
The Shining One

Shops:
D:2 =


Innate Abilities, Weirdness & Mutations

You cannot be hasted, slowed, berserked, paralysed or teleported.
You can dig through walls and to a lower floor.
You have a pair of large antennae on your head. (SInv)
Your four strong arms can wield two-handed weapons with a shield.


Message History

The necrophage barely misses you.
You slash the necrophage!
You destroy the necrophage!
Fedhas accepts your kill.
The orc warrior unwields a +1 mace of protection.
The orc warrior wields a +0 arbalest.
The orc warrior shoots a bolt.
The bolt barely misses you.
Your Armour skill increases to level 2!
The orc warrior unwields a +0 arbalest.
The orc warrior wields a +1 mace of protection.
The orc warrior hits you with a +1 mace of protection!
You closely miss the orc warrior.
The orc warrior hits you with a +1 mace of protection.
You slash the orc warrior! You freeze the orc warrior.
The orc warrior is heavily wounded.
The orc warrior hits you with a +1 mace of protection!
The orc wizard casts a spell.
The orc wizard flickers and vanishes for a moment.
The orc warrior misses you.
You closely miss the orc warrior.
The orc warrior is heavily wounded.
The orc warrior hits you with a +1 mace of protection!
You hit the orc warrior. You freeze the orc warrior.
The orc warrior is heavily wounded.
The orc warrior hits you with a +1 mace of protection!
* * * LOW HITPOINT WARNING * * *
The orc warrior hits you but does no damage.
You closely miss the orc warrior.
The orc warrior is heavily wounded.
The orc warrior hits you with a +1 mace of protection!
* * * LOW HITPOINT WARNING * * *
You hit the orc warrior but do no damage.
The orc warrior is heavily wounded.
The orc warrior barely misses you.
You closely miss the orc warrior.
The orc warrior is heavily wounded.
The orc warrior misses you.
The orc warrior hits you with a +1 mace of protection!
You die...
Fedhas appreciates your contribution to the ecosystem.

.######.......#
.............##
.######.######
#.# { #.# # #.#
#.#. #.#
#....#####.#
#..oo@..#
#...#######
..... ####


You could see an orc warrior and an orc wizard (invisible).

Vanquished Creatures
  Sigmund (D:2)
  Menkaure (D:5)
  A water moccasin (D:4)
  An orc warrior (D:7)
  A black bear (D:6)
  2 ogres (D:5)
  3 bullfrogs
  A necrophage (D:7)
  9 scorpions
  5 wights (D:6)
  2 centaur zombies (Ossuary)
  4 human zombies (Ossuary)
  A jelly (D:7)
  Crazy Yiuf (D:5)
  3 orc priests
  2 hounds
  2 iguanas
  Ijyb (D:4)
  Natasha (thrice) (D:4)
  2 orc wizards
  4 scorpion zombies (Ossuary)
  3 mummies (Ossuary)
  Robin (D:2)
  9 adders
  4 gnolls (D:5)
  6 river rats (D:5)
  2 shadow imps (D:6)
  2 white imps (D:6)
  An ufetubus (D:6)
  2 worms
  A dart slug (D:2)
  20 orcs
  5 bats
  8 endoplasms
  3 giant cockroaches
  3 gnoll zombies (Ossuary)
  6 goblins
  10 hobgoblins
  4 jackals (D:5)
  3 quokkas
  7 ball pythons
  2 frilled lizards (D:1)
  3 goblin zombies (Ossuary)
  9 kobolds
  2 kobold zombies (Ossuary)
  3 orc zombies (Ossuary)
  21 rats
190 creatures vanquished.

Vanquished Creatures (collateral kills)
  An adder (D:4)
1 creature vanquished.

Grand Total: 191 creatures vanquished

Notes
Turn   | Place    | Note
-------+----------+-------------------------------------------
     0 | D:1      | xian the Formicid Hunter began the quest for the Orb.
     0 | D:1      | Reached XP level 1. HP: 16/16 MP: 1/1
   160 | D:1      | Reached XP level 2. HP: 22/22 MP: 2/2
   422 | D:1      | Reached XP level 3. HP: 21/28 MP: 3/3
   862 | D:2      | Noticed Robin
   868 | D:2      | Killed Robin
   869 | D:2      | Reached skill level 1 in Armour
   897 | D:2      | Reached skill level 5 in Ranged Weapons
   897 | D:2      | Reached XP level 4. HP: 34/34 MP: 4/4
   962 | D:2      | Noticed Sigmund
   975 | D:2      | Killed Sigmund
   976 | D:2      | Reached skill level 6 in Ranged Weapons
   976 | D:2      | Reached XP level 5. HP: 33/41 MP: 5/5
   976 | D:2      | Reached XP level 6. HP: 38/47 MP: 6/6
  1221 | D:2      | Found a faded altar of an unknown god.
  1461 | D:2      | Found Laor Ogua's Jewellery Shop.
  2331 | D:4      | Noticed Ijyb
  2347 | D:4      | Killed Ijyb
  2463 | D:4      | Reached skill level 7 in Ranged Weapons
  2594 | D:4      | Found a sand-covered staircase.
  2604 | Ossuary  | Entered an ossuary
  2749 | Ossuary  | Reached XP level 7. HP: 51/52 MP: 7/7
  2996 | Ossuary  | Reached skill level 1 in Axes
  3010 | Ossuary  | HP: 2/55 [mummy (6)]
  3305 | Ossuary  | Reached XP level 8. HP: 61/61 MP: 8/8
  3616 | Ossuary  | Reached skill level 8 in Ranged Weapons
  3675 | Ossuary  | Reached skill level 5 in Fighting
  4298 | D:4      | Noticed Natasha
  4302 | D:4      | Killed Natasha
  4353 | D:4      | Noticed Natasha
  4362 | D:4      | Killed Natasha
  4363 | D:4      | Reached XP level 9. HP: 42/68 MP: 9/9
  4365 | D:4      | Noticed Natasha
  4371 | D:4      | Killed Natasha
  4825 | D:5      | Entered Level 5 of the Dungeon
  4952 | D:5      | Reached skill level 9 in Ranged Weapons
  5481 | D:5      | Found a white marble altar of Elyvilon.
  5725 | D:5      | Noticed Menkaure
  5733 | D:5      | Killed Menkaure
  6029 | D:5      | Found a runed translucent door.
  6030 | D:5      | Noticed Crazy Yiuf
  6442 | D:5      | Killed Crazy Yiuf
  6962 | D:6      | Reached skill level 10 in Ranged Weapons
  7678 | D:6      | Found a staircase to the Ecumenical Temple.
  7687 | Temple   | Entered the Ecumenical Temple
  7733 | Temple   | Became a worshipper of Fedhas Madash
  7907 | D:7      | Reached XP level 10. HP: 38/77 MP: 10/10
  7960 | D:7      | Found a glowing silver altar of Zin.
  8059 | D:7      | Slain by an orc warrior

Illustrated notes

Levels and vault maps discovered:
D:1:      tarquinn_simple_flora_water_c, layout_loops_ring
D:2:      layout_loops_ring, shapermc_ecumenical_altar_venn, serial_shops, shop,
          uniq_sigmund, uniq_robin
D:3:      layout_loops_cross
D:4:      layout_basic, nicolae_ossuary_entry_monument, uniq_ijyb, uniq_natasha
D:5:      layout_gridville, elyvilon_altar_4, dk_rats_in_the_wall,
          uniq_crazy_yiuf_cottage, uniq_menkaure
D:6:      layout_loops_ring, temple_statues, minmay_misc_feat_tiny
D:7:      layout_loops_ring, overflow_temple_1_default, enter_bailey_2
Temple:   nicolae_temple_elliptical

Skill      XL: |  1  2  3  4  5  6  7  8  9 10 |
---------------+-------------------------------+-----
Armour         | 1 2 |  2.2
Ranged Weapons | 5 6 7 8 10 | 10.5
Fighting       | 3 4 5 6 |  6.7
Dodging        | 2 3 |  3.6
Axes           | 2 3 4 |  4.4
Stealth        | 2 3 |  3.1
Long Blades    | |  0.1

Action                   |  1- 3 |  4- 6 |  7- 9 | 10-12 || total
-------------------------+-------+-------+-------+-------++-------
Melee: Hand axe          |       |    17 |   148 |       ||   165
       Punch             |       |       |     1 |       ||     1
       Scimitar          |       |       |     1 |    25 ||    26
 Fire: Shortbow          |    72 |   139 |   293 |    12 ||   516
 Abil: Dig               |     4 |       |    11 |       ||    15
  Use: Scroll            |       |     6 |     7 |       ||    13
       Potion            |       |       |     5 |       ||     5
Armor: Leather armour    |    14 |     1 |       |       ||    15
       Robe              |       |    23 |    45 |       ||    68
       Ring mail         |       |       |     4 |     8 ||    12
Dodge: Dodged            |    17 |    61 |   163 |    22 ||   263

Table legend: (Time is in decaauts)
 A = Elapsed time spent in this place.
 B = Non-inter-level travel time spent in this place.
 C = Inter-level travel time spent in this place.
 D = Time resting spent in this place.
 E = Time spent auto-exploring this place.
 F = Levels seen in this place.
 G = Mean time per level.
                   A        B        C        D        E       F      G
               +--------+--------+--------+--------+--------+-----+--------+
         Total |   8150 |   7854 |    296 |   1249 |   4518 |   9 |  905.6 |
       Dungeon |   6689 |   6418 |    271 |    640 |   4184 |   7 |  955.6 |
        Temple |     76 |     51 |     25 |      0 |     35 |   1 |   76.0 |
       Ossuary |   1384 |   1384 |      0 |    609 |    299 |   1 | 1384.0 |
               +--------+--------+--------+--------+--------+-----+--------+

Top non-repeatable levels by time:
     D:5: 1762 daAuts
 Ossuary: 1384 daAuts
     D:4: 1244 daAuts
     D:6: 1149 daAuts
     D:1: 868 daAuts
     D:3: 721 daAuts
     D:2: 678 daAuts
     D:7: 265 daAuts
  Temple: 76 daAuts
